Selects Air and Sea Battlegroup
Construct Section Command Post
Construct Platoon Command Post
Selects Commando Section Paradrop
Unlock Bishop Self-propelled Artillery
Selects Commando Support Section Paradrop
Bishop Self-propelled Artillery
Commando Support Section Paradrop
Bishop Self-propelled Artillery
Commando Support Section Paradrop
Bishop Self-propelled Artillery
Commando Support Section Paradrop
Bishop Self-propelled Artillery
Selects Anti-tank Rocket Loiter